 Dungeon Crawl Stone Soup version 0.26.1-11-gd32895ea62 (webtiles) character file.

Game seed: 4706901918267377531

54 Saba the Bolt Thrower (level 3, -2/22 HPs)
             Began as a Gargoyle Hunter on July 5, 2021.
             Slain by a hobgoblin (5 damage)
             ... led by Robin
             ... on level 2 of the Dungeon.
             The game lasted 00:01:41 (1175 turns).

Saba the Bolt Thrower (Gargoyle Hunter)             Turns: 1175, Time: 00:01:41

Health: -2/22      AC:  6    Str: 16    XL:     3   Next: 91%
Magic:  3/3        EV: 12    Int: 11    God:
Gold:   51         SH:  0    Dex: 10    Spells: 2/2 levels left

rFire    . . .     SeeInvis .   k - +0 spear
rCold    . . .     Faith    .   (no shield)
rNeg     + . .     Spirit   .   c - +0 leather armour
rPois    ∞         Reflect  .   (no helmet)
rElec    +         Harm     .   (no cloak)
rCorr    .         Rampage  .   (no gloves)
Will     .....                  (no boots)
Stlth    +.........             (no amulet)
HPRegen  0.07/turn              (no ring)
MPRegen  0.08/turn              (no ring)

@: very slightly contaminated, invisible
A: negative energy resistance 1, electricity resistance, unbreathing,
petrification resistance, miasma immunity, AC +3
a: no special abilities


You were on level 2 of the Dungeon.
You visited 1 branch of the dungeon, and saw 2 of its levels.

You collected 51 gold pieces.

Inventory:

Hand Weapons
 a - a +1 hand crossbow
 k - a +0 spear (weapon)
Missiles
 d - 20 bolts
Armour
 c - a +0 leather armour (worn)
Scrolls
 g - 3 scrolls of identify {unknown}
 j - a scroll of magic mapping {unknown}
Potions
 f - a potion of attraction {unknown}
 h - a potion of curing {unknown}
 i - a potion of cancellation {unknown}


   Skills:
 + Level 2.9 Fighting
 + Level 4.3 Crossbows
 + Level 1.6 Armour
 + Level 2.1 Dodging
 - Level 1.1 Stealth


You had 2 spell levels left.
You didn't know any spells.
Your spell library was empty.

Dungeon Overview and Level Annotations

Branches:
Dungeon (2/15)

Altars:


Innate Abilities, Weirdness & Mutations

You are resistant to torment.
Your stone body is resilient. (AC +3)
You are immune to poison.
You resist negative energy. (rN+)
You are resistant to electric shocks. (rElec)
You can survive without breathing.
You are immune to petrification.
You are immune to miasma.


Message History

You hit Robin but do no damage.
Robin is almost dead.
Robin barely misses you.
It was a potion of invisibility.
You fade into invisibility!
Robin misses you.
You are very lightly contaminated with residual magic.
You barely miss Robin.
Robin is almost dead.
Robin barely misses you.
You hit Robin but do no damage.
Robin is almost dead.
Robin barely misses you.
You hit Robin.
Robin is almost dead.
Robin closely misses you.
You hit Robin.
You kill Robin!
You closely miss the hobgoblin. The hobgoblin hits you.
You die...

#..# #..#
#..# #..#
#†.######
#......g.
#.#######
#g# #@#
#)# #<#
###


You could see a hobgoblin (strong).

Vanquished Creatures
  Robin (D:2)
  A dart slug (D:2)
  2 leopard geckos (D:1)
  A giant cockroach (D:1)
  8 goblins
  6 hobgoblins
  4 jackals (D:1)
  4 bats (D:1)
  2 frilled lizards (D:1)
  3 kobolds (D:1)
  3 rats (D:1)
35 creatures vanquished.

Vanquished Creatures (others)
  2 plants (D:2)
2 creatures vanquished.

Grand Total: 37 creatures vanquished

Notes
Turn   | Place    | Note
-------+----------+-------------------------------------------
     0 | D:1      | Saba the Gargoyle Hunter began the quest for the Orb.
     0 | D:1      | Reached XP level 1. HP: 12/12 MP: 1/1
   168 | D:1      | Reached XP level 2. HP: 8/18 MP: 2/2
   513 | D:1      | Reached skill level 1 in Armour
   652 | D:1      | Reached XP level 3. HP: 14/22 MP: 3/3
  1127 | D:2      | Identified the +0 helmet "Pistyemo" {+Blink rPois Will+}
  1127 | D:2      | Noticed Robin
  1174 | D:2      | Killed Robin
  1175 | D:2      | Slain by a hobgoblin

Illustrated notes

Levels and vault maps discovered:
D:1:      eino_arrival_water_star, layout_loops_ring
D:2:      wad_woods_settlement, layout_basic, chequers_ecumenical_altar_island,
          uniq_robin

Skill      XL: |  1  2  3 |
---------------+----------+-----
Armour         | 1 |  1.6
Dodging        | 2 |  2.1
Fighting       | |  2.9
Crossbows      | |  4.3
Stealth        | |  1.1

Action                   || total
-------------------------++-------
Melee: Short sword       ||   134
       Spear             ||    50
  Use: Potion            ||     1
 Stab: Sleeping          ||     1
Armor: Leather armour    ||    90
Dodge: Dodged            ||   138
